 Dungeon Crawl Stone Soup version 0.31-a0-640-g39d97e502b (webtiles) character file.

Game seed: 16218927690358462648

75 qw the Shooter (level 4, 0/26 HPs)
             Began as a Gargoyle Hunter on Aug 27, 2023.
             Slain by Natasha (3 damage)
             ... on level 2 of the Dungeon.
             The game lasted 00:00:20 (828 turns).

qw the Shooter (Gargoyle Hunter)                     Turns: 828, Time: 00:00:21

Health: 0/26       AC:  9    Str: 15    XL:     4   Next: 31%
Magic:  4/4        EV: 11    Int:  9    God:
Gold:   53         SH:  0    Dex: 15    Spells: 3/3 levels left

rFire   . . .        Y - +0 shortbow
rCold   + . .        (shield currently unavailable)
rNeg    + . .        d - +0 ring mail
rPois   inf          (no helmet)
rElec   +            (no cloak)
rCorr   .            (no gloves)
SInv    .            (no boots)
Will    .....        (no amulet)
Stlth   +            e - ring of protection from cold
HPRegen 0.24/turn    (no ring)
MPRegen 0.09/turn

%: no passive effects
@: no status effects
A: sickness immunity, AC +3, negative energy resistance 1, electricity
resistance, torment resistance 1, petrification resistance
a: no special abilities


You were on level 2 of the Dungeon.
You visited 1 branch of the dungeon, and saw 2 of its levels.

You collected 53 gold pieces.


Innate Abilities, Weirdness & Mutations

You are immune to sickness and miasma.
Your stone body is resilient. (AC +3)
You are immune to poison.
You resist negative energy. (rN+)
You are resistant to electric shocks. (rElec)
You are resistant to unholy torment.
You are immune to petrification.


   Skills:
 + Level 2.1 Fighting
 - Level 5.3 Ranged Weapons
 - Level 1.9 Armour
 - Level 1.5 Dodging
 - Level 1.1 Stealth


You had 3 spell levels left.
You didn't know any spells.
Your spell library was empty.

Inventory:

Hand Weapons
 Y - a +0 shortbow (weapon)
Armour
 d - a +0 ring mail (worn)
Jewellery
 e - a ring of protection from cold (left hand)
Potions
 a - a potion of haste {unknown}
 b - a potion of might {unknown}
 g - a potion of magic {unknown}

Dungeon Overview and Level Annotations

Branches:
Dungeon (2/15)

Altars:

Annotations:
D:2 Natasha


Message History

You kill Natasha!
Natasha screams in pain as she dies!
Your Ranged Weapons skill increases to level 5!
You have reached level 4!
You feel stronger.
You start resting.
You feel yourself speed up.
Natasha, Servant of Life and Death comes into view.
You shoot an arrow. The arrow barely misses Natasha.
Natasha hisses angrily.
Natasha stares at you and mumbles some strange words.
The magic dart hits you.
You shoot an arrow. The arrow completely misses Natasha.
You shoot an arrow.
The arrow hits Natasha but does no damage.
Natasha claws you but does no damage.
You shoot an arrow. The arrow hits Natasha.
Natasha is heavily wounded.
Natasha casts a spell at you. You resist with some effort.
You shoot an arrow.
The arrow hits Natasha but does no damage.
Natasha is heavily wounded.
Natasha claws you.
You shoot an arrow. The arrow hits Natasha.
Natasha is heavily wounded.
Natasha casts a spell.
You shoot an arrow. The arrow closely misses Natasha.
Natasha closely misses you.
The cerulean imp hits you but does no damage.
Natasha closely misses you.
You shoot an arrow. The arrow barely misses Natasha.
The cerulean imp misses you. Natasha casts a spell at you.
The magic dart hits you!
You shoot an arrow. The arrow hits Natasha.
Natasha is almost dead.
The cerulean imp hits you but does no damage.
Natasha claws you.
You die...
Natasha begins licking her fur clean.

#.#.####..........
#.#.........######
#.#.##.#..#.#
#......#..#.#
###.####....# #.#
#.##.#
#.#####.####5# .#
#..........h.# .#
#.)....|...@.#
#.#####.####%# #.#
.# ..# .# ##.# .#
#.# .# #.# .# .#


You could see Natasha and a cerulean imp (summoned).

Vanquished Creatures
  Natasha (twice) (D:2)
  2 ball pythons (D:1)
  An endoplasm (D:1)
  2 giant cockroaches (D:1)
  3 goblins
  3 hobgoblins (D:1)
  3 quokkas (D:1)
  2 bats (D:1)
  A frilled lizard (D:1)
  3 kobolds (D:1)
  3 rats (D:1)
25 creatures vanquished.

Notes
Turn   | Place    | Note
-------+----------+-------------------------------------------
     0 | D:1      | qw the Gargoyle Hunter began the quest for the Orb.
     0 | D:1      | Reached XP level 1. HP: 12/12 MP: 1/1
     0 | D:1      | 0 ||| qw: Version: 0.3-a-74-g0d5e918
     0 | D:1      | 0 ||| qw: Game counter: 174
     0 | D:1      | 0 ||| qw: Melee chars always use a shield: true
     0 | D:1      | 0 ||| qw: God list: Okawaru
     0 | D:1      | 0 ||| qw: Allow faded altars: false
     0 | D:1      | 0 ||| qw: Do Orc after clearing Dungeon:15 true
     0 | D:1      | 0 ||| qw: Do second Lair branch before Depths: true
     0 | D:1      | 0 ||| qw: Lair rune preference: random
     0 | D:1      | 0 ||| qw: Goals: Normal
     0 | D:1      | 0 ||| PLANNING D:1-11
   111 | D:1      | Reached XP level 2. HP: 17/17 MP: 2/2
   480 | D:1      | Reached XP level 3. HP: 20/21 MP: 3/3
   565 | D:1      | 565 ||| UPGRADING to +0 ring mail.
   575 | D:1      | 575 ||| DROPPING +0 leather armour.
   576 | D:1      | 576 ||| UPGRADING to ring of protection from cold.
   577 | D:1      | 577 ||| READING scroll labelled KORUTWU KECROA.
   581 | D:1      | 581 ||| DROPPING scroll of butterflies.
   679 | D:2      | Noticed Natasha
   687 | D:2      | Killed Natasha
   688 | D:2      | Reached skill level 1 in Armour
   793 | D:2      | Noticed Natasha
   799 | D:2      | Killed Natasha
   800 | D:2      | Reached skill level 5 in Ranged Weapons
   800 | D:2      | Reached XP level 4. HP: 9/26 MP: 4/4
   819 | D:2      | Noticed Natasha
   827 | D:2      | HP: 3/26 [Natasha/magic dart (8)]
   828 | D:2      | Slain by Natasha

Levels and vault maps discovered:
D:1:      eino_arrival_cavern_d, layout_rooms
D:2:      layout_loops_ring, basic_altar, st_stairs_5, uniq_robin, uniq_natasha

Skill      XL: |  1  2  3 |
---------------+----------+-----
Armour         | 1 |  1.9
Ranged Weapons | 5 |  5.3
Fighting       | |  2.1
Dodging        | |  1.5
Stealth        | |  1.1

Action                     |  1- 3 |  4- 6 || total
---------------------------+-------+-------++-------
   Fire: Shortbow          |    76 |     9 ||    85
    Use: Scroll            |     1 |       ||     1
 Armour: Leather armour    |     7 |       ||     7
         Ring mail         |     1 |     3 ||     4
  Dodge: Dodged            |    18 |     3 ||    21

Table legend:
 A = Non-vault XP
 B = Vault XP
 C = Vault XP percentage of total XP
 D = Non-vault monster count
 E = Vault monster count
 F = Vault count percentage of total count
                 A         B        C        D         E       F
            +---------+---------+-------+---------+---------+-------
      Total |      73 |      35 |  32.4 |      24 |       1 |   4.0
            +---------+---------+-------+---------+---------+-------
        D:1 |      34 |       0 |   0.0 |      21 |       0 |   0.0
        D:2 |      39 |      35 |  47.3 |       3 |       1 |  25.0
            +---------+---------+-------+---------+---------+-------
